 Dungeon Crawl Stone Soup version 0.19-a0-1203-g7dfd8ee (webtiles) character file.

3580 Jojapa the Destroyer (level 9, -12/45 HPs)
             Began as a Deep Elf Wizard on Aug 21, 2016.
             Was a Follower of Vehumet.
             Killed by the air
             ... invoked by Gastronok
              (35 damage)
             ... on level 8 of the Dungeon.
             The game lasted 00:34:12 (12223 turns).

Jojapa the Destroyer (Deep Elf Wizard)             Turns: 12223, Time: 00:34:12

Health: -12/45     AC: 10    Str:  4    XL:     9   Next: 84%
Magic:  11/26      EV: 13    Int: 36    God:    Vehumet [*.....]
Gold:   305        SH:  0    Dex: 13    Spells: 6 memorised, 13 levels left

rFire  . . .     SeeInvis .     s - +2 flail (protect)
rCold  . . .     Gourm    .     P - +1 robe "Odaohut" {MR+ rCorr Int+4}
rNeg   + . .     Faith    +     (no shield)
rPois  .         Spirit   .     p - +0 helmet
rElec  .         Dismiss  .     w - +0 cloak
rCorr  +         Reflect  .     (no gloves)
MR     +....     Harm     .     (no boots)
Stlth  ++........               M - amulet of faith
                                G - ring of positive energy
                                v - +5 ring of intelligence

@: slowed, very slow
A: no striking features
a: Renounce Religion


You were on level 8 of the Dungeon.
You worshipped Vehumet.
Vehumet was aware of your devotion.
You were hungry.

You visited 2 branches of the dungeon, and saw 9 of its levels.
You also visited: Sewer.

You collected 441 gold pieces.
You spent 136 gold pieces at shops.

Inventory:

Hand Weapons
 s - a +2 flail of protection (weapon)
Armour
 p - a +0 helmet (worn)
 w - a +0 cloak (worn)
 P - the +1 robe "Odaohut" (worn) {MR+ rCorr Int+4}
   (You bought it in a shop on level 7 of the Dungeon)

   It affects your intelligence (+4).
   It affects your resistance to hostile enchantments.
   It protects you from acid and corrosion.
Jewellery
 v - a +5 ring of intelligence (left hand)
 G - a ring of positive energy (right hand)
 M - an amulet of faith (around neck)
 S - an uncursed amulet of guardian spirit {unknown}
Wands
 F - a wand of lightning (7/15)
 L - a wand of random effects (12/48)
 N - a wand of polymorph (7/24)
 R - a wand of paralysis (15/24)
Scrolls
 f - 3 scrolls of fear {unknown}
 g - 11 scrolls of identify {unknown}
 h - 3 scrolls of random uselessness {unknown}
 i - 5 scrolls of amnesia {unknown}
 j - 3 scrolls of magic mapping {unknown}
 m - 2 scrolls of remove curse {unknown}
 o - 3 scrolls of fog {unknown}
 y - a scroll of noise {unknown}
 A - a scroll of torment {unknown}
 C - 2 scrolls of blinking {unknown}
 H - a scroll of recharging {unknown}
 I - a scroll of enchant armour {unknown}
 K - 2 scrolls of enchant weapon {unknown}
Potions
 e - a potion of resistance {unknown}
 k - a potion of magic {unknown}
 l - 3 potions of heal wounds {unknown}
 n - a potion of invisibility {unknown}
 r - a potion of curing
 t - 2 potions of haste {unknown}
 x - 2 potions of degeneration {unknown}
 B - 3 potions of flight {unknown}
 D - a potion of cure mutation {unknown}
 E - a potion of ambrosia {unknown}
 Q - a potion of brilliance {unknown}
Books
 c - a book of Minor Magic

   Spells                             Type                      Level
   a - Magic Dart                     Conjuration                  1
   b - Blink                          Translocation                2
   c - Call Imp                       Summoning                    2
   d - Repel Missiles                 Charms/Air                   2
   e - Slow                           Hexes                        2
   f - Conjure Flame                  Conjuration/Fire             3
   g - Mephitic Cloud                 Conjuration/Poison/Air       3
 J - a book of the Sky

   Spells                             Type                      Level
   a - Summon Lightning Spire         Summoning/Air                4
   b - Airstrike                      Air                          4
   c - Silence                        Hexes/Air                    5
   d - Deflect Missiles               Charms/Air                   6
   e - Conjure Ball Lightning         Conjuration/Air              6
   f - Tornado                        Air                          9
 O - a book of Power

   Spells                             Type                      Level
   a - Fulminant Prism                Conjuration/Hexes            4
   b - Iskenderun's Mystic Blast      Conjuration                  4
   c - Venom Bolt                     Conjuration/Poison           5
   d - Bolt of Magma                  Conjuration/Fire/Earth       5
   e - Iron Shot                      Conjuration/Earth            6
   f - Orb of Destruction             Conjuration                  7
   g - Spellforged Servitor           Conjuration/Summoning        7
Comestibles
 a - 7 chunks of flesh
 d - 5 bread rations
 u - a meat ration
 z - 2 beef jerkies


   Skills:
 - Level 3.2 Dodging
 - Level 2.4 Stealth
 + Level 11.1 Spellcasting
 + Level 12.2 Conjurations
   Level 1.1 Summonings
 - Level 1.1 Translocations
 * Level 1.3 Earth Magic


You had 13 spell levels left.
You knew the following spells:

 Your Spells              Type           Power        Failure   Level  Hunger
a - Magic Dart            Conj           ####         0%          1    None
b - Blink                 Tloc           N/A          1%          2    None
c - Repel Missiles        Chrm/Air       ###...       3%          2    None
d - Mephitic Cloud        Conj/Pois/Air  #####...     1%          3    None
e - Conjure Flame         Conj/Fire      ######..     1%          3    None
f - Iron Shot             Conj/Erth      ######....   21%         6    ####...


Dungeon Overview and Level Annotations

Branches:
Dungeon (8/15)             Temple (1/1) D:7
   Lair: D:8-11

Altars:
Ashenzari
Cheibriados
Dithmenos
Elyvilon
Fedhas
Gozag
Hepliaklqana
Kikubaaqudgha
Makhleb
Nemelex Xobeh
Okawaru
Ru
Sif Muna
Trog
Uskayaw
Vehumet
Xom
Yredelemnul
Zin
The Shining One

Shops:
D:7 [*

Annotations:
D:3 Kurtz's ghost, amateur OgCj
D:8 Gastronok


Message History

Gastronok casts a spell at you. You resist with significant effort.
Casting: Magic Dart
Confirm with . or Enter, or press ? or * to list all spells.
Aiming: Magic Dart
Press: ? - help, Shift-Dir - straight line, f/p - Gastronok
Aim: Gastronok, wearing a runed hat (lightly wounded, covering ground quickly)
The magic dart hits Gastronok.
Gastronok is lightly wounded.
Casting: Magic Dart
Confirm with . or Enter, or press ? or * to list all spells.
Aiming: Magic Dart
Press: ? - help, Shift-Dir - straight line, f/p - Gastronok
Aim: Gastronok, wearing a runed hat (lightly wounded, covering ground quickly)
The magic dart hits Gastronok.
Gastronok is moderately wounded.
Gastronok waves his eye-stalks in wide circles.
The air twists around and strikes you!
Ouch! That really hurt!
You die...

# #. ##.#
####...##
w.......######...
###...w.ยง@.......
###.########.## #.
#


You could see Gastronok.

Vanquished Creatures
  A troll (D:7)
  A hippogriff (D:7)
  A black bear (D:7)
  An ice beast (D:7)
  2 orc warriors
  2 phantoms
  A centaur (D:7)
  7 ogres
  A big kobold (Sewer)
  5 giant frogs
  4 scorpions
  A howler monkey (D:7)
  2 crimson imps
  A quasit (D:5)
  4 giant frog zombies
  3 giant frog skeletons
  5 hounds
  4 orc priests
  A centaur skeleton (D:7)
  3 iguanas
  11 orc wizards
  7 worker ants
  A hound skeleton (D:4)
  A howler monkey skeleton (D:6)
  A howler monkey zombie (D:6)
  4 gnolls
  10 adders
  4 river rats
  A shadow imp (D:6)
  2 oozes
  2 adder skeletons
  3 worms
  4 dart slugs
  4 giant geckos
  24 orcs
  5 ball pythons
  4 giant cockroaches
  4 goblins
  10 hobgoblins
  7 jackals
  2 quokkas
  8 bats
  A giant gecko skeleton (D:5)
  3 giant newts
  14 kobolds
  14 rats
201 creatures vanquished.

Notes
Turn   | Place    | Note
-------+----------+-------------------------------------------
     0 | D:1      | Jojapa the Deep Elf Wizard began the quest for the Orb.
     0 | D:1      | Reached XP level 1. HP: 10/10 MP: 7/7
   362 | D:1      | Reached XP level 2. HP: 15/15 MP: 1/9
   470 | D:1      | Reached skill level 2 in Conjurations
  1207 | D:2      | Reached XP level 3. HP: 18/19 MP: 6/11
  1411 | D:2      | Reached skill level 3 in Conjurations
  1538 | D:2      | Reached skill level 5 in Spellcasting
  1642 | D:2      | Learned a level 2 spell: Blink
  1645 | D:2      | Learned a level 2 spell: Repel Missiles
  1649 | D:2      | Learned a level 3 spell: Mephitic Cloud
  1653 | D:2      | Learned a level 3 spell: Conjure Flame
  1848 | D:2      | Reached XP level 4. HP: 22/24 MP: 10/13
  2453 | D:3      | Reached skill level 4 in Conjurations
  2565 | D:3      | Reached XP level 5. HP: 28/28 MP: 5/15
  2710 | D:3      | Found a shimmering altar of Xom.
  2712 | D:3      | Found a burning altar of Makhleb.
  2731 | D:3      | Found a deep blue altar of Sif Muna.
  2796 | D:3      | Noticed Kurtz's ghost (amateur OgCj)
  4057 | D:4      | Noticed an orc warrior
  4059 | D:4      | Reached skill level 5 in Conjurations
  4077 | D:4      | Reached XP level 6. HP: 32/32 MP: 0/17
  4473 | D:4      | Reached skill level 6 in Conjurations
  5286 | D:4      | Killed an orc warrior
  5286 | D:4      | Reached XP level 7. HP: 36/36 MP: 2/19
  5887 | D:4      | Reached skill level 7 in Conjurations
  6043 | D:4      | Found a glowing golden altar of the Shining One.
  6294 | D:5      | Entered Level 5 of the Dungeon
  6295 | D:5      | Found a glowing drain.
  6924 | Sewer    | Entered a sewer
  7103 | Sewer    | Reached skill level 8 in Conjurations
  7204 | Sewer    | Found a white marble altar of Elyvilon.
  7356 | D:5      | Reached XP level 8. HP: 40/41 MP: 9/22
  8169 | D:4      | Reached skill level 9 in Conjurations
  9182 | D:5      | Reached skill level 10 in Conjurations
  9818 | D:6      | Reached XP level 9. HP: 44/45 MP: 16/24
 10431 | D:7      | Learned a level 6 spell: Iron Shot
 10448 | D:7      | Reached skill level 10 in Spellcasting
 10540 | D:7      | Found a staircase to the Ecumenical Temple.
 10552 | Temple   | Entered the Ecumenical Temple
 10603 | Temple   | Became a worshipper of Vehumet
 10706 | D:7      | Reached skill level 11 in Conjurations
 10897 | D:7      | Found Qierhoiph's Antique Armour Emporium.
 10998 | D:7      | Noticed a troll
 11020 | D:7      | Killed a troll
 11160 | D:7      | Found Duxzy's Assorted Antiques.
 11175 | D:7      | Bought a tattered robe for 136 gold pieces
 11185 | D:7      | Identified the +1 robe "Odaohut" {MR+ rCorr Int+4} (You bought it in a shop on level 7 of the Dungeon)
 11584 | D:7      | Reached skill level 12 in Conjurations
 11666 | D:7      | Reached * piety under Vehumet
 11666 | D:7      | Offered knowledge of Sandblast by Vehumet.
 12112 | D:7      | Reached skill level 1 in Earth Magic
 12204 | D:8      | Noticed Gastronok
 12223 | D:8      | Killed from afar by Gastronok

Vault maps used:
D:1:      zelgadis_glass_arrival_small, minmay_tetromino_i2
D:2:      hangedman_abyss_or_decor_lesser_grid
D:3:      grunt_temple_overflow_open, first_bread
D:4:      tso_oasis_becter
D:5:      portal_sewer_entry_a, hangedman_minor_gate_pass
D:6:      kennysheep_decorative_pillar
D:7:      serial_shops, nicolae_shop_waterfront, shop
D:8:      grunt_qazlal_clouds, hangedman_little_slice_of_home, uniq_psyche,
          uniq_gastronok, uniq_erica
Temple:   kb_temple_of_zot
Sewer:    sewer_kobolds

Skill      XL: |  1  2  3  4  5  6  7  8  9 |
---------------+----------------------------+-----
Conjurations   | 2 3 4 5 6 8 10 12 | 12.2
Dodging        | 3 |  3.2
Spellcasting   | 5 6 7 8 9 11 | 11.1
Earth Magic    | 1 |  1.3
Stealth        | |  2.4
Summonings     | |  1.1
Translocations | |  1.1

Action                   |  1- 3 |  4- 6 |  7- 9 || total
-------------------------+-------+-------+-------++-------
Melee: Unarmed           |     6 |       |       ||     6
 Cast: Magic Dart        |    92 |   196 |   568 ||   856
       Conjure Flame     |     1 |     2 |    14 ||    17
       Blink             |     1 |     1 |     4 ||     6
       Mephitic Cloud    |       |    10 |    12 ||    22
  Eat: Chunk             |     2 |     9 |    16 ||    27
       Pizza             |       |     1 |       ||     1
       Meat ration       |       |       |     1 ||     1
Armor: Robe              |     2 |    10 |    58 ||    70
Dodge: Dodged            |    21 |    20 |   114 ||   155
